 Dungeon Crawl Stone Soup version 0.26.1-2-gb8aa6d0cf2 (webtiles) character file.

Game seed: 12123907138192952613

47 DasRunzen the Conjurer (level 3, -4/28 HPs)
             Began as a Demigod Conjurer on Feb 8, 2021.
             Slain by a leopard gecko (5 damage)
             ... on level 2 of the Dungeon.
             The game lasted 00:03:08 (1636 turns).

DasRunzen the Conjurer (Demigod Conjurer)           Turns: 1636, Time: 00:03:08

Health: -4/28      AC:  3    Str: 12    XL:     3   Next: 29%
Magic:  8/8        EV: 12    Int: 22    God:
Gold:   112        SH:  0    Dex: 14    Spells: 5/6 levels left

rFire    . . .     SeeInvis .   d - +4 whip (vamp)
rCold    . . .     Faith    .   (no shield)
rNeg     . . .     Spirit   .   a - +0 robe
rPois    .         Reflect  .   e - +1 hat
rElec    .         Harm     .   (no cloak)
rCorr    .         Rampage  .   (no gloves)
Will     .....                  (no boots)
Stlth    ++........             (no amulet)
HPRegen  0.09/turn              (no ring)
MPRegen  0.11/turn              (no ring)

@: no status effects
A: high mp 1
a: no special abilities


You were on level 2 of the Dungeon.
You visited 1 branch of the dungeon, and saw 2 of its levels.

You collected 112 gold pieces.

Inventory:

Hand Weapons
 d - a +4 vampiric whip (weapon)
Armour
 a - a +0 robe (worn)
 e - a +1 hat (worn)
Scrolls
 c - a scroll of fear {unknown}
 f - a scroll of identify {unknown}
 h - a scroll of magic mapping {unknown}
Potions
 b - 3 potions of curing {unknown}
 g - a potion of invisibility {unknown}


   Skills:
 + Level 1.0 Fighting
 + Level 1.0 Armour
 + Level 2.2 Dodging
 - Level 1.7 Stealth
 + Level 2.1 Spellcasting
 + Level 3.9 Conjurations


You had 5 spell levels left.
You knew the following spells:

 Your Spells              Type           Power        Failure   Level
a - Magic Dart            Conj           76%          2%          1

Your spell library contained the following spells:

 Spells                   Type           Power        Failure   Level
 Searing Ray              Conj           38%          4%          2
 Dazzling Flash           Conj/Hex       22%          19%         3
 Fulminant Prism          Conj/Hex       5%           52%         4
 Iskenderun's Mystic Bla  Conj/Tloc      11%          52%         4


Dungeon Overview and Level Annotations

Branches:
Dungeon (2/15)

Annotations:
D:2 Sigmund


Innate Abilities, Weirdness & Mutations

You have an increased reservoir of magic. (+10% MP)


Message History

Sigmund flickers and vanishes!
Deactivating autopickup; reactivate with Ctrl-A.
A frilled lizard comes into view.
The leopard gecko misses you.
A hobgoblin comes into view.
The frilled lizard hisses angrily.
The hobgoblin shouts!
You hear an angry hiss.
You closely miss the frilled lizard. The leopard gecko closely misses you.
Something hits you! The frilled lizard bites you.
An adder comes into view.
You barely miss the frilled lizard. The leopard gecko misses you.
Something barely misses you. The frilled lizard bites you.
The leopard gecko bites you but does no damage.
Unknown command.
You barely miss the frilled lizard. Something hits you!
* * * LOW HITPOINT WARNING * * *
The hobgoblin closely misses you. The frilled lizard bites you.
* * * LOW HITPOINT WARNING * * *
The leopard gecko bites you.
You die...

. ##.# #.#..#.### #
..#.## #.#....# # #..(..
#.#....# #
#.....##.##...# #
......#.#....# #
###....#g#..#.##########
.......#{#....##......##
.......#l##...##..[...##
..S...g@.##...##......##
......l####...........##
....... #..###......##
.....## #..# #.#######
#....######..###........
#... #........##########
## ###
#........########## .#
#....>...##........ .#
###.....###........


You could see an adder, a leopard gecko, a hobgoblin, a goblin and a frilled
lizard.

Vanquished Creatures
  A dart slug (D:2)
  A leopard gecko (D:2)
  A ball python (D:1)
  6 bats
  2 giant cockroaches (D:2)
  9 goblins
  8 hobgoblins
  5 frilled lizards
  4 kobolds (D:1)
  3 rats
40 creatures vanquished.

Notes
Turn   | Place    | Note
-------+----------+-------------------------------------------
     0 | D:1      | DasRunzen the Demigod Conjurer began the quest for the Orb.
     0 | D:1      | Reached XP level 1. HP: 14/14 MP: 5/5
   322 | D:1      | Reached XP level 2. HP: 22/22 MP: 5/7
  1176 | D:2      | Reached skill level 1 in Fighting
  1176 | D:2      | Reached XP level 3. HP: 28/28 MP: 8/8
  1453 | D:2      | Reached skill level 1 in Armour
  1613 | D:2      | Noticed Sigmund
  1636 | D:2      | HP: 1/28 [frilled lizard (1)]
  1636 | D:2      | Slain by a leopard gecko

Illustrated notes

Levels and vault maps discovered:
D:1:      minmay_arrival_semitransparent, layout_loops_ring
D:2:      layout_basic, minmay_tall_x, uniq_sigmund

Skill      XL: |  1  2  3 |
---------------+----------+-----
Dodging        | 2 |  2.2
Spellcasting   | 2 |  2.1
Fighting       | 1 |  1.0
Armour         | 1 |  1.0
Stealth        | |  1.7
Conjurations   | |  3.9

Action                   || total
-------------------------++-------
Melee: Whip              ||    69
 Cast: Magic Dart        ||    29
  Use: Scroll            ||     1
 Stab: Sleeping          ||     2
Armor: Robe              ||    22
Dodge: Dodged            ||    48
